 Dungeon Crawl Stone Soup version 0.24.0-123-gd5b16e6ec5 (webtiles) character file.

Game seed: 8153069452438019673, levelgen mode: deterministic

2620 FishyPogo the Skirmisher (level 9, -12/72 HPs)
             Began as a Demonspawn Fire Elementalist on Jan 4, 2020.
             Was an Elder of Okawaru.
             Mangled by an orc warrior
             ... wielding a +0 scimitar
              (20 damage)
             ... on level 7 of the Dungeon.
             The game lasted 00:21:20 (5251 turns).

FishyPogo the Skirmisher (DsFE)                     Turns: 5251, Time: 00:21:21

Health: -12/72     AC: 14    Str:  9    XL:     9   Next: 34%
Magic:  8/15       EV: 12    Int: 18    God:    Okawaru [****..]
Gold:   226        SH:  0    Dex: 15    Spells: 6/16 levels left

rFire    + . .     SeeInvis .   a - +5 long sword of Dawn {freeze, rElec rC++ Dex+2}
rCold    + + +     Gourm    .   (no shield)
rNeg     . . .     Faith    .   d - +2 robe
rPois    +         Spirit   .   (no helmet)
rElec    +         Reflect  .   B - scarf {rC+ rF+}
rCorr    .         Harm     .   m - +0 pair of gloves
MR       .....                  (no boots)
Stlth    ++........             f - amulet of the acrobat
HPRegen  0.22/turn              (no ring)
MPRegen  0.14/turn              (no ring)

@: sanguine armour
A: talons 1, poison resistance, spiny 2, weak 1, sanguine armour 2
a: Heroism, Renounce Religion


You were on level 7 of the Dungeon.
You worshipped Okawaru.
Okawaru was greatly pleased with you.
You were not hungry.

You visited 1 branch of the dungeon, and saw 8 of its levels.

You collected 377 gold pieces.
You spent 151 gold pieces at shops.

Inventory:

Hand Weapons
 a - the +5 long sword of Dawn (weapon) {freeze, rElec rC++ Dex+2}
   (You found it on level 5 of the Dungeon)

   It has been specially enchanted to freeze those struck by it, causing extra
   injury to most foes and up to half again as much damage against particularly
   susceptible opponents.
   It can also slow down cold-blooded creatures.
   It affects your dexterity (+2).
   It greatly protects you from cold.
   It insulates you from electricity.
 b - the +5 scythe "Finisher" {speed, eviscerate}
   (You found it on level 7 of the Dungeon)

   Attacks with this weapon are significantly faster.
 g - a +2 short sword of venom
 w - a +5 dagger
Missiles
 j - 137 stones (quivered)
 l - 16 boomerangs
 r - 10 poisoned darts
 x - 4 javelins
Armour
 d - a +2 robe (worn)
 m - a +0 pair of gloves (worn)
 B - a scarf of resistance (worn)
Jewellery
 f - an amulet of the acrobat (around neck)
Wands
 z - a wand of polymorph (7)
Scrolls
 h - 6 scrolls of identify
 i - a scroll of fog
 k - a scroll of teleportation
 p - a scroll of random uselessness {unknown}
 q - a scroll of fear {unknown}
 s - 2 scrolls of magic mapping
 t - 2 scrolls of remove curse
 y - a scroll of enchant armour {unknown}
 A - a scroll of blinking
 C - a scroll of enchant weapon
Potions
 e - 2 potions of curing
 u - a potion of haste {unknown}
 v - 2 potions of might
Comestibles
 c - 15 rations
 o - 2 chunks of flesh


   Skills:
 * Level 7.3 Fighting
 - Level 0.1 Polearms
 + Level 4.8 Armour
 - Level 2.0 Dodging
 - Level 2.0 Stealth
 - Level 4.0 Spellcasting
 + Level 5.9 Conjurations
 - Level 5.3 Fire Magic


You had 6 spell levels left.
You knew the following spells:

 Your Spells              Type           Power        Failure   Level  Hunger
a - Flame Tongue          Conj/Fire      ###..        1%          1    None
b - Throw Flame           Conj/Fire      ###...       2%          2    ##.....
j - Conjure Flame         Conj/Fire      ###.....     4%          3    ###....
p - Sticky Flame          Conj/Fire      ###.....     14%         4    ####...

Your spell library contained the following spells:

 Spells                   Type           Power        Failure   Level  Hunger
 Throw Frost              Conj/Ice       ##....       7%          2    ##.....
 Freeze                   Ice            #...         14%         1    None
 Inner Flame              Hex/Fire       ##......     14%         3    ###....
 Fireball                 Conj/Fire      ###.......   38%         5    ######.
 Ozocubu's Armour         Chrm/Ice       #.......     41%         3    ###....
 Throw Icicle             Conj/Ice       ##......     41%         4    ####...
 Summon Ice Beast         Ice/Summ       #.......     82%         4    ####...


Dungeon Overview and Level Annotations

Branches:
Dungeon (8/15)             Temple (0/1) D:5
   Lair: D:8-11

Altars:
Ashenzari
Elyvilon
Fedhas
Gozag
Hepliaklqana
Makhleb
Nemelex Xobeh
Okawaru
Qazlal
Ru
Trog
Xom
Zin

Shops:
D:4 ?   D:6 ?**(


Innate Abilities, Weirdness & Mutations

You have sharp toenails.
You are mostly covered in sharp spines.
When seriously injured, your bleeding wounds create thick armour. (AC +9)
Your system is resistant to poisons. (rPois)
You are weak. (Str -2)


Message History

Your kick misses the orc warrior.
The orc warrior is severely wounded.
A gnoll comes into view. It is wielding a +0 club.
The orc wizard closely misses you.
The orc warrior hits you but does no damage.
Unknown command.
You closely miss the orc warrior.
The orc warrior is severely wounded.
The orc wizard is struck by your spines.
The orc wizard hits you but does no damage.
The orc warrior hits you with a +0 scimitar!!
* * * LOW HITPOINT WARNING * * *
The orc wizard hits you but does no damage.
You closely miss the orc warrior.
The gnoll shouts!
You claw the orc warrior, but do no damage.
The orc warrior is severely wounded.
The orc wizard hits you but does no damage.
The orc warrior hits you with a +0 scimitar!!
You die...

.. # #.#.#
... .###.#.#
..[ ....#.#
.##.. #g.#.#
......#..#.#
#oo.g.)...#
......##.#.#
...#. #)#o##
. .. #..o@#
ee ###### 5#


You could see an orc warrior, an orc wizard and a gnoll.

Vanquished Creatures
  A two-headed ogre (D:6)
  A wraith (D:6)
  Duvessa (D:7)
  An orc warrior (D:6)
  An ogre (D:4)
  A necrophage (D:6)
  2 centaurs (D:6)
  A bullfrog (D:6)
  Dowan (D:7)
  3 scorpions
  3 wights
  A quasit (D:7)
  A jelly (D:6)
  5 hounds
  A bullfrog skeleton (D:7)
  2 orc priests
  A gnoll shaman (D:7)
  Jessica (D:2)
  Natasha (twice) (D:2)
  4 iguanas
  2 worker ants
  5 orc wizards
  A worker ant zombie (D:6)
  A gnoll (D:7)
  13 adders
  A shadow imp (D:5)
  A worm (D:3)
  5 leopard geckos
  23 orcs
  7 ball pythons
  6 giant cockroaches
  3 goblins
  6 hobgoblins
  7 jackals
  4 quokkas
  9 bats
  5 frilled lizards
  6 kobolds
  2 leopard gecko skeletons
  A leopard gecko zombie (D:5)
  5 rats
147 creatures vanquished.

Vanquished Creatures (others)
  A quokka (D:4)
1 creature vanquished.

Grand Total: 148 creatures vanquished

Notes
Turn   | Place    | Note
-------+----------+-------------------------------------------
     0 | D:1      | FishyPogo the Demonspawn Fire Elementalist began the quest
                  | for the Orb.
     0 | D:1      | Reached XP level 1. HP: 13/13 MP: 3/3
   181 | D:1      | Gained mutation: You are partially covered in sharp spines.
                  | [demonic ancestry]
   181 | D:1      | Reached XP level 2. HP: 20/20 MP: 1/5
   185 | D:1      | Learned a level 2 spell: Throw Flame
   661 | D:1      | Reached skill level 1 in Fighting
   754 | D:1      | Gained mutation: When seriously injured, your bleeding
                  | wounds create armour. (AC +9) [demonic ancestry]
   754 | D:1      | Reached XP level 3. HP: 26/26 MP: 3/6
   824 | D:2      | Found a sparkling altar of Nemelex Xobeh.
   859 | D:2      | Found an opulent altar of Gozag.
   859 | D:2      | Found a bloodstained altar of Trog.
   940 | D:2      | Noticed Natasha
   950 | D:2      | Killed Natasha
  1125 | D:2      | Noticed Natasha
  1154 | D:2      | Killed Natasha
  1154 | D:2      | Reached XP level 4. HP: 29/33 MP: 1/7
  1234 | D:2      | Found a stormy altar of Qazlal.
  1411 | D:2      | Found an iron altar of Okawaru.
  1411 | D:2      | Found a shattered altar of Ashenzari.
  1415 | D:2      | Became a worshipper of Warmaster Okawaru
  1570 | D:2      | Noticed Jessica
  1577 | D:2      | Killed Jessica
  1928 | D:3      | Reached skill level 2 in Fighting
  1928 | D:3      | Reached XP level 5. HP: 38/38 MP: 7/9
  2047 | D:3      | Reached skill level 1 in Armour
  2284 | D:3      | Noticed an angel
  2285 | D:3      | Found a shimmering altar of Xom.
  2340 | D:3      | Found a glowing silver altar of Zin.
  2541 | D:4      | Gained mutation: When seriously injured, your bleeding
                  | wounds create thick armour. (AC +9) [demonic ancestry]
  2541 | D:4      | Reached XP level 6. HP: 46/46 MP: 8/10
  2548 | D:4      | Found a burning altar of Makhleb.
  2644 | D:4      | Found a sacrificial altar of Ru.
  2649 | D:4      | Learned a level 3 spell: Conjure Flame
  2654 | D:4      | Learned a level 4 spell: Sticky Flame
  2679 | D:4      | Reached * piety under Okawaru
  3063 | D:4      | Reached skill level 3 in Fighting
  3085 | D:4      | Found Yghecus's Magic Scroll Emporium.
  3093 | D:4      | Found a white marble altar of Elyvilon.
  3094 | D:4      | Bought a scroll of identify for 28 gold pieces
  3094 | D:4      | Bought a scroll of remove curse for 42 gold pieces
  3166 | D:4      | Reached XP level 7. HP: 52/52 MP: 4/12
  3220 | D:4      | Found a blossoming altar of Fedhas.
  3221 | D:4      | You fall into a shaft and drop 3 floors!
  3252 | D:7      | Noticed a hungry ghost
  3253 | D:7      | Noticed a steam dragon
  3269 | D:7      | Found the +5 scythe "Finisher" {speed, eviscerate}
  3269 | D:7      | Noticed a wraith
  3269 | D:7      | Noticed a wraith
  3277 | D:7      | Noticed a wraith
  3282 | D:7      | Noticed a wraith
  3287 | D:7      | Noticed a wraith
  3292 | D:7      | Gained mutation: You are weak. (Str -2) [potion of
                  | mutation]
  3292 | D:7      | Gained mutation: Your system is resistant to poisons.
                  | (rPois) [potion of mutation]
  3325 | D:6      | Found Huwku's General Store.
  3328 | D:6      | Killed a wraith
  3332 | D:6      | Reached ** piety under Okawaru
  3458 | D:6      | Bought a scroll of teleportation for 36 gold pieces
  3469 | D:6      | Noticed a two-headed ogre
  3470 | D:6      | Found Ydieh's Magic Scroll Shop.
  3470 | D:6      | Found a hazy altar of Hepliaklqana.
  3475 | D:5      | Entered Level 5 of the Dungeon
  3497 | D:5      | Got a transparent long sword
  3498 | D:5      | Identified the +5 long sword of Dawn {freeze, rElec rC++
                  | Dex+2} (You found it on level 5 of the Dungeon)
  3920 | D:5      | Found a staircase to the Ecumenical Temple.
  3932 | D:5      | Reached skill level 4 in Fighting
  4042 | D:5      | Gained mutation: You have sharp toenails. [demonic
                  | ancestry]
  4042 | D:5      | Reached XP level 8. HP: 49/60 MP: 7/14
  4360 | D:6      | Found Liorchu Tuffo's Assorted Antiques.
  4385 | D:6      | Killed a two-headed ogre
  4385 | D:6      | Reached *** piety under Okawaru
  4385 | D:6      | Reached skill level 5 in Fighting
  4385 | D:6      | Reached skill level 5 in Conjurations
  4385 | D:6      | Reached skill level 5 in Fire Magic
  4495 | D:6      | Found Ykinuxto's Antique Weapon Emporium.
  4561 | D:6      | Reached skill level 6 in Fighting
  4736 | D:6      | Gained mutation: You are mostly covered in sharp spines.
                  | [demonic ancestry]
  4736 | D:6      | Reached XP level 9. HP: 71/71 MP: 3/15
  4774 | D:6      | Bought a scroll of magic mapping for 45 gold pieces
  4796 | D:6      | Reached **** piety under Okawaru
  5205 | D:7      | Noticed Duvessa
  5206 | D:7      | Noticed Dowan
  5222 | D:7      | Killed Duvessa
  5222 | D:7      | Reached skill level 7 in Fighting
  5236 | D:7      | Killed Dowan
  5251 | D:7      | Mangled by an orc warrior

Levels and vault maps discovered:
D:1:      saegor_arrival_simple_c, layout_loops_ring, minmay_tromino_v4_c
D:2:      layout_loops_ring, nicolae_qazlal_general_emergency, minitemple,
          gammafunk_temple_overflow_wave, uniq_jessica, uniq_natasha
D:3:      layout_loops_ring, grunt_temple_overflow_order_and_chaos_1,
          minmay_snake_closets
D:4:      layout_loops_cross, lemuel_round_altar,
          nicolae_overflow_crystal_walls, fedhas_altar_3, serial_shops, shop,
          elyvilon_altar_4
D:5:      layout_loops_ring, minmay_temple_entry_sparse_star, first_ration,
          kennysheep_big_empty_room
D:6:      layout_cave_pods, old_standard_altar, serial_shops,
          nicolae_shop_overgrown_old_shop, shop, shop, nicolae_shop_behind_doors
D:7:      layout_basic, the_bakery, minmay_guarded_unrand_finisher,
          uniq_duvessa, uniq_crazy_yiuf_cottage
D:8:      layout_basic, serial_shops, shop

Skill      XL: |  1  2  3  4  5  6  7  8  9 |
---------------+----------------------------+-----
Dodging        | 2 |  2.0
Stealth        | 2 |  2.0
Fighting       | 1 2 3 4 6 7 |  7.3
Fire Magic     | 3 4 5 |  5.3
Conjurations   | 2 3 4 5 |  5.9
Armour         | 1 2 3 4 |  4.8
Spellcasting   | 3 4 |  4.0
Polearms       | |  0.1

Action                   |  1- 3 |  4- 6 |  7- 9 || total
-------------------------+-------+-------+-------++-------
Melee: Unarmed           |     8 |       |       ||     8
       Whip              |    25 |    12 |       ||    37
       Short sword       |       |    37 |     6 ||    43
       Long sword        |       |       |    65 ||    65
       Scythe            |       |       |    28 ||    28
       Kick              |       |       |    12 ||    12
Throw: Stone             |       |     2 |       ||     2
 Cast: Flame Tongue      |    36 |    75 |    38 ||   149
       Throw Flame       |    11 |    19 |    40 ||    70
       Conjure Flame     |       |       |     1 ||     1
Invok: Heroism           |       |       |     1 ||     1
  Use: Scroll            |       |       |     8 ||     8
       Potion            |       |       |     7 ||     7
 Stab: Sleeping          |       |     1 |     1 ||     2
  Eat: Chunk             |     2 |     7 |    10 ||    19
Armor: Robe              |     3 |    16 |    45 ||    64
Dodge: Dodged            |    33 |    23 |   122 ||   178
       Rpst.: Long sword |       |       |    17 ||    17
